 Dungeon Crawl Stone Soup version 0.30-a0-1008-g30c9307041 (webtiles) character file.

Game seed: 4747667617831124231

436 Demosthentine the Poker (level 6, -2/43 HPs)
             Began as a Demonspawn Gladiator on Apr 6, 2023.
             Was a Follower of Hepliaklqana.
             Slain by a lemure (8 damage)
             ... led by Pikel
             ... on level 4 of the Dungeon.
             The game lasted 00:03:05 (2910 turns).

Demosthentine the Poker (Demonspawn Gladiator)      Turns: 2910, Time: 00:03:05

Health: -2/43      AC:  8    Str: 16    XL:     6   Next: 69%
Magic:  6/6        EV: 13    Int:  9    God:    Hepliaklqana [*.....]
Gold:   229        SH:  0    Dex: 15    Spells: 5/5 levels left

rFire   . . .      SeeInvis .    a - +0 trident
rCold   . . .      Faith    .    (no shield)
rNeg    . . .      Spirit   .    b - +0 leather armour
rPois   .          Reflect  .    c - +0 helmet
rElec   .          Rampage  .    n - +2 cloak of Undesirable Species {Stlth+}
rCorr   .                        (no gloves)
Will    .....                    (no boots)
Stlth   ++                       k - amulet of magic regeneration
HPRegen 0.27/turn                (no ring)
MPRegen 0.50/turn                (no ring)

@: no status effects
A: reduced essence, sharp scales 1, demonic touch 1
a: Renounce Religion, Recall Ancestor, Ancestor Identity


You were on level 4 of the Dungeon.
You worshipped Hepliaklqana.
Hepliaklqana was aware of your devotion.
You visited 1 branch of the dungeon, and saw 5 of its levels.

You collected 229 gold pieces.

Inventory:

Hand Weapons
 a - a +0 trident (weapon)
Missiles
 d - 3 throwing nets (quivered)
 e - 3 javelins
Armour
 b - a +0 leather armour (worn)
 c - a +0 helmet (worn)
 n - the +2 cloak of Undesirable Species (worn) {Stlth+}
   (You found it on level 2 of the Dungeon)

   Stlth:     It makes you more stealthy.
Jewellery
 k - an amulet of magic regeneration (around neck)
Wands
 o - a wand of polymorph (7)
Scrolls
 j - a scroll of magic mapping
 m - a scroll of identify
 p - a scroll of amnesia {unknown}
 q - a scroll of teleportation {unknown}
Potions
 f - 2 potions of flight {unknown}
 g - a potion of mutation
 h - 2 potions of curing {unknown}
 i - a potion of heal wounds {unknown}
 l - a potion of brilliance {unknown}


   Skills:
 + Level 3.9 Fighting
 + Level 4.2 Polearms
 - Level 1.7 Throwing
 + Level 2.8 Armour
 + Level 4.1 Dodging


You had 5 spell levels left.
You didn't know any spells.
Your spell library contained the following spells:

 Spells                   Type           Power      Damage    Failure   Level
 Slow                     Hex            0%         N/A       43%         1
 Confusing Touch          Hex            0%         N/A       82%         3
 Vampiric Draining        Necr           0%         2d6       82%         3
 Malign Gateway           Summ/Tloc      0%         N/A       100%        7
 Summon Horrible Things   Summ           0%         N/A       100%        8


Dungeon Overview and Level Annotations

Branches:
Dungeon (5/15)             Temple (0/1) D:4

Altars:
Dithmenos
Hepliaklqana

Shops:
D:4 [[

Annotations:
D:4 Pikel


Innate Abilities, Weirdness & Mutations

Your life essence is reduced to manifest your ancestor. (-10% HP)
You are partially covered in razor-sharp scales. (AC +1, Slay +1)
Your touch may inflict minor irresistible damage on your foes.


Message History

You can access your shopping list by pressing '$'.
As you open the door, it creaks loudly!
You swap places.
There is an entrance to Xaam's Antique Armour Emporium here.
You open the door.
You swap places.
There is an open door here.
Found a dagger.
A lemure comes into view.
A lemure is nearby!
A lemure is nearby!
A lemure is nearby!
A lemure is nearby!
Pikel, Merchant of Souls comes into view.
He is wielding a +0 whip of electrocution.
The lemure shouts!
You hear a shout!
A lemure comes into view.
The lemure shouts!
You reach to attack!
You hit the lemure.
The lemure is moderately wounded.
A lemure comes into view.
You hit the lemure.
The lemure is moderately wounded.
Simosihle hits the lemure.
The lemure hits you.
You barely miss the lemure. Your touch misses the lemure.
The lemure is moderately wounded.
Simosihle barely misses the lemure.
The lemure barely misses you.
A lemure comes into view.
You puncture the lemure!
You touch the lemure.
The lemure is severely wounded.
Simosihle completely misses the lemure.
The lemure hits you.
Pikel hits you with a +0 whip of electrocution.
You hit the lemure. Your touch misses the lemure.
The lemure is almost dead.
Simosihle misses the lemure.
The lemure hits you.
Pikel hits you with a +0 whip of electrocution!
You are electrocuted!
* * * LOW HITPOINT WARNING * * *
Unknown command.
Simosihle barely misses the lemure.
The lemure hits you!
You die...

######.>+..>..'.###.##.#
........#.⌠.⌠.### #.#.#.
#########.....# #..# #
###+### #.#. ##### ...
####.##. ####...# #..
.....# ## .....#.# #.#
#.# ## ####...# #.# #.#
##.######.###@#
#...........5#
########...RK55.5..
############


You could see the friendly Simosihle the ancestor, Pikel and 2 lemures.

Vanquished Creatures
  Blork the orc (D:4)
  A scorpion (D:3)
  3 orc priests
  A sleepcap (D:3)
  An iguana (D:5)
  An orc wizard (D:3)
  4 gnolls
  2 adders (D:3)
  A worm (D:3)
  3 dart slugs
  7 orcs
  4 bats
  10 endoplasms
  5 giant cockroaches
  5 goblins
  7 hobgoblins
  4 quokkas
  5 ball pythons
  4 frilled lizards
  5 kobolds
  3 rats (D:2)
77 creatures vanquished.

Vanquished Creatures (collateral kills)
  An adder (D:4)
1 creature vanquished.

Grand Total: 78 creatures vanquished

Notes
Turn   | Place    | Note
-------+----------+-------------------------------------------
     0 | D:1      | Demosthentine the Demonspawn Gladiator began the quest for
                  | the Orb.
     0 | D:1      | Reached XP level 1. HP: 16/16 MP: 1/1
   130 | D:1      | Gained mutation: You are partially covered in razor-sharp
                  | scales. (AC +1, Slay +1) [demonic ancestry]
   130 | D:1      | Reached XP level 2. HP: 12/22 MP: 2/2
   398 | D:1      | Reached skill level 1 in Armour
   430 | D:1      | Gained mutation: Your touch may inflict minor irresistible
                  | damage on your foes. [demonic ancestry]
   430 | D:1      | Reached XP level 3. HP: 28/28 MP: 3/3
   729 | D:2      | Found a faded altar of an unknown god.
   730 | D:2      | Noticed an eye of devastation
   733 | D:2      | Noticed a shining eye
   733 | D:2      | Noticed a shining eye
   733 | D:2      | Noticed a great orb of eyes
   936 | D:2      | Identified the +2 cloak of Undesirable Species {Stlth+}
  1501 | D:3      | Identified the +2 ring mail of Snakes and Ladders {rCorr
                  | Str+6}
  1593 | D:3      | Reached XP level 4. HP: 34/34 MP: 4/4
  1650 | D:3      | Found a hazy altar of Hepliaklqana.
  1651 | D:3      | Found a shadowy altar of Dithmenos.
  1652 | D:3      | Noticed a shadow
  1704 | D:3      | Became a worshipper of Hepliaklqana the Forgotten
  1879 | D:3      | Noticed a scorpion
  1885 | D:3      | Killed a scorpion
  1886 | D:3      | Reached XP level 5. HP: 41/41 MP: 5/5
  2288 | D:3      | Reached XP level 6. HP: 43/47 MP: 6/6
  2355 | D:4      | Noticed Blork the orc
  2368 | D:4      | Killed Blork the orc
  2542 | D:4      | Found Xaam's Antique Armour Emporium.
  2542 | D:4      | You fall into a shaft and drop 1 floor!
  2542 | D:5      | Entered Level 5 of the Dungeon
  2683 | D:4      | Reached * piety under Hepliaklqana
  2746 | D:4      | Found Zioriborgh's Armour Boutique.
  2815 | D:4      | Found a staircase to the Ecumenical Temple.
  2903 | D:4      | Noticed Pikel
  2910 | D:4      | Slain by a lemure

Illustrated notes

Levels and vault maps discovered:
D:1:      co_arrival_square_in_a_square_in_a_square, layout_basic,
          minmay_liquid_box, hangedman_feature_mirror
D:2:      layout_basic, hellmonk_ecumenical_altar_watching_god
D:3:      layout_loops_corners, riverfiend_overflow_shadow_ancestor
D:4:      layout_loops_ring, minmay_temple_entry_hall, serial_shops,
          nicolae_shop_waterfront, nicolae_shop_hallway_plus,
          nicolae_take_the_stairs, uniq_blork_the_orc, uniq_pikel
D:5:      minmay_goblin_kobold_castle, layout_basic,
          eat_drink_and_be_merry_uskayaw, minmay_misc_feat_rugged,
          hangedman_decor_lopped

Skill      XL: |  1  2  3  4  5  6 |
---------------+-------------------+-----
Polearms       | 3 4 |  4.2
Armour         | 1 2 |  2.8
Dodging        | 3 4 |  4.1
Fighting       | 3 |  3.9
Throwing       | |  1.7

Action                     |  1- 3 |  4- 6 || total
---------------------------+-------+-------++-------
  Melee: Trident           |   110 |   115 ||   225
         Punch             |     1 |     1 ||     2
         Touch             |     3 |    14 ||    17
  Throw: Throwing net      |     1 |       ||     1
    Use: Scroll            |     5 |       ||     5
   Stab: Held in net/web   |     1 |       ||     1
         Sleeping          |     3 |     4 ||     7
 Armour: Leather armour    |    25 |    23 ||    48
  Dodge: Dodged            |    55 |    50 ||   105

Table legend: (Time is in decaauts)
 A = Elapsed time spent in this place.
 B = Non-inter-level travel time spent in this place.
 C = Inter-level travel time spent in this place.
 D = Time resting spent in this place.
 E = Time spent auto-exploring this place.
 F = Levels seen in this place.
 G = Mean time per level.
                   A        B        C        D        E       F      G
               +--------+--------+--------+--------+--------+-----+--------+
         Total |   2939 |   2808 |    131 |     49 |   2200 |   5 |  587.8 |
       Dungeon |   2939 |   2808 |    131 |     49 |   2200 |   5 |  587.8 |
               +--------+--------+--------+--------+--------+-----+--------+

Top non-repeatable levels by time:
     D:3: 1004 daAuts
     D:1: 731 daAuts
     D:2: 631 daAuts
     D:4: 465 daAuts
     D:5: 107 daAuts
